 Dungeon Crawl Stone Soup version 0.30-a0-272-gf98c3da03f (webtiles) character file.

Game seed: 15993215935304726190

166 freelancePsychic the Magician (level 5, -12/38 HPs)
             Began as a Djinni Hexslinger on Oct 15, 2022.
             Mangled by Edmund
             ... wielding a +2 vorpal flail
              (14 damage)
             ... on level 4 of the Dungeon.
             The game lasted 00:03:26 (2675 turns).

freelancePsychic the Magician (Djinni Hexslinger)   Turns: 2675, Time: 00:03:26

Health: -12/38     AC:  1    Str:  9    XL:     5   Next: 76%
Gold:   178        EV: 12    Int: 17    God:
                   SH:  0    Dex: 13

rFire   + + .      SeeInvis .    a - +1 sling (venom)
rCold   x . .      Faith    .    (no shield)
rNeg    . . .      Spirit   .    c - +0 robe
rPois   ∞          Reflect  .    (no helmet)
rElec   .          Harm     .    (no cloak)
rCorr   .          Rampage  .    (no gloves)
Will    .....                    (boots unavailable)
Stlth   +.........               (no amulet)
HPRegen 0.26/turn                (no ring)
MPRegen 0.00/turn                (no ring)

@: flying
A: sickness immunity, fire resistance 2, cold vulnerability 1, float, innate
caster, HP casting, extra vitality 1, deformed body, sturdy frame 1
a: no special abilities


You were on level 4 of the Dungeon.
You visited 1 branch of the dungeon, and saw 4 of its levels.

You collected 178 gold pieces.

Inventory:

Hand Weapons
 a - a +1 sling of venom (weapon)
 l - a +0 dagger of freezing
Armour
 c - a +0 robe (worn)
Jewellery
 f - a +6 ring of intelligence
Wands
 p - a wand of mindburst (21)
 u - a wand of digging (7)
Scrolls
 b - a scroll of poison
 g - 2 scrolls of identify {@r1}
 h - 2 scrolls of teleportation {@r4}
 i - a scroll of amnesia
 j - a scroll of enchant weapon
 m - 2 scrolls of brand weapon
 q - a scroll of summoning
 v - 3 scrolls of silence {unknown}
Potions
 d - 2 potions of heal wounds {unknown}
 e - a potion of lignification {unknown}
 k - a potion of cancellation {unknown}
 n - a potion of mutation
 o - a potion of brilliance {unknown}
 r - a potion of flight
 s - a potion of berserk rage {unknown}
 t - a potion of haste {@q3}


   Skills:
 + Level 1.7 Fighting
 + Level 1.8 Ranged Weapons
 - Level 2.1 Dodging
 + Level 4.3 Spellcasting


You couldn't memorise any spells.
You knew the following spells:

 Your Spells              Type           Power      Damage    Failure   Level
a - Slow                  Hex            72%        N/A       2%          1
b - Inner Flame           Hex/Fire       18%        N/A       8%          3
c - Portal Projectile     Hex/Tloc       36%        N/A       8%          3
d - Cause Fear            Hex            9%         N/A       26%         4
e - Apportation           Tloc           36%        N/A       2%          1
f - Passwall              Tmut/Erth      15%        N/A       3%          2
Your spell library was empty.

Dungeon Overview and Level Annotations

Branches:
Dungeon (4/15)
 Temple: D:4-7

Altars:
Cheibriados
Gozag
Hepliaklqana
Trog
Uskayaw
Wu Jian
The Shining One

Annotations:
D:3 1 runed translucent door, purpskrrrp's ghost, amateur MiTm
D:4 Edmund


Innate Abilities, Weirdness & Mutations

You are immune to sickness and miasma.
You are immune to poison.
Your flesh is very heat resistant. (rF++)
You are vulnerable to cold. (rC-)
You float through the air rather than walking.
You learn spells naturally, not from books.
Your magical power is your life essence.
You have superior vitality. (+4 MHP)
Armour fits poorly on your strangely shaped body.
Your movements are slightly less encumbered by armour. (ER -2)


Message History

Aiming: Inner Flame (dangerous; 8% risk of failure)
Press: ? - help, Dir - move target, f/p - Edmund
Aim: Edmund, wielding a +2 vorpal flail and wearing a +0 scale mail (chance to affect: 73%) Edmund struggles to resist.
Casting: Inner Flame (dangerous; 8% risk of failure)
Confirm with . or Enter, or press ? or * to list all spells.
Aiming: Inner Flame (dangerous; 8% risk of failure)
Press: ? - help, Dir - move target, f/p - Edmund
Aim: Edmund, wielding a +2 vorpal flail and wearing a +0 scale mail (chance to affect: 73%) Edmund struggles to resist.
Casting: Inner Flame (dangerous; 8% risk of failure)
Confirm with . or Enter, or press ? or * to list all spells.
Aiming: Inner Flame (dangerous; 8% risk of failure)
Press: ? - help, Dir - move target, f/p - Edmund
Aim: Edmund, wielding a +2 vorpal flail and wearing a +0 scale mail (chance to affect: 73%) Edmund is filled with an inner flame.
Casting: Inner Flame (dangerous; 8% risk of failure)
Confirm with . or Enter, or press ? or * to list all spells.
Aiming: Inner Flame (dangerous; 8% risk of failure)
Press: ? - help, Dir - move target, f - endoplasm, p - Edmund
Aim: an endoplasm (chance to affect: 85%)
The endoplasm is filled with an inner flame.
You are too injured to fight recklessly!
Fire: a) +1 sling (venom)
Press: ? - help, Shift-Dir - straight line, f/p - endoplasm
Aim: an endoplasm (inner flame, 84% to hit)
You shoot a sling bullet. The sling bullet hits the endoplasm.
Flame seeps out of the endoplasm.
The endoplasm is severely wounded.
Edmund says, "What use are spells, anyway?"
Edmund hits you with a +2 vorpal flail!
The endoplasm is engulfed in blazing flames.
The endoplasm explodes!
The fiery explosion engulfs you! You resist.
* * * LOW HITPOINT WARNING * * *
The fiery explosion engulfs Edmund!!
Flame seeps out of Edmund.
Edmund is severely wounded.
Edmund is engulfed in blazing flames.
Flame seeps out of Edmund.
Edmund hits you with a +2 vorpal flail!
You die...

#.# #.# .# ..#..)...#
#.# ..##.# #......#
#.##########.##.#
########
#.......[....##.#####.#
###........#.##........
#######....##........
####..#$.......
##..........
###@@§._... ##○§..._.
§§....: _..8.._ .......
._..._. ....... ##...##


You could see Edmund (inner flame).

Vanquished Creatures
  3 orc wizards (D:4)
  5 adders
  A dart slug (D:3)
  3 ball pythons
  7 endoplasms
  3 giant cockroaches
  7 goblins
  5 hobgoblins
  5 jackals
  6 kobolds
  2 quokkas (D:2)
  2 bats
  6 frilled lizards
  3 rats
58 creatures vanquished.

Notes
Turn   | Place    | Note
-------+----------+-------------------------------------------
     0 | D:1      | freelancePsychic the Djinni Hexslinger began the quest for
                  | the Orb.
     0 | D:1      | freelancePsychic set off with the following spells
                  | memorised: Slow, Inner Flame, Portal Projectile, Cause
                  | Fear.
     0 | D:1      | Reached XP level 1. HP: 17/17 MP: 0/0
    42 | D:1      | Reached XP level 2. HP: 22/22 MP: 0/0
   669 | D:2      | Reached XP level 3. HP: 27/27 MP: 0/0
   669 | D:2      | Learned a level 1 spell: Apportation
   841 | D:2      | Reached skill level 3 in Spellcasting
  1523 | D:3      | Reached XP level 4. HP: 26/32 MP: 0/0
  1557 | D:3      | Found a runed translucent door.
  1559 | D:3      | Noticed purpskrrrp's ghost (amateur MiTm)
  2373 | D:4      | Gained mutation: Armour fits poorly on your strangely
                  | shaped body. [potion of mutation]
  2373 | D:4      | Gained mutation: Your movements are slightly less
                  | encumbered by armour. (ER -2) [potion of mutation]
  2383 | D:4      | Reached skill level 4 in Spellcasting
  2383 | D:4      | Reached XP level 5. HP: 14/37 MP: 0/0
  2383 | D:4      | Learned a level 2 spell: Passwall
  2662 | D:4      | Found an opulent altar of Gozag.
  2665 | D:4      | Found a snail-covered altar of Cheibriados.
  2668 | D:4      | Found a hazy altar of Hepliaklqana.
  2668 | D:4      | Found a glowing golden altar of the Shining One.
  2669 | D:4      | Found a bloodstained altar of Trog.
  2669 | D:4      | Found a hide-covered altar of Uskayaw.
  2669 | D:4      | Found an ornate altar of the Wu Jian Council.
  2669 | D:4      | Noticed Edmund
  2675 | D:4      | Mangled by Edmund

Illustrated notes

Levels and vault maps discovered:
D:1:      mrwooster_arrival_statue, layout_loops_ring
D:2:      layout_loops_cross, grunt_decor_resistance, roderic_serpentine_path,
          bh_walls_and_bars
D:3:      layout_loops_ring, ebering_ghost_inner_flame, grunt_decor_arrowhead
D:4:      layout_rooms, grunt_temple_overflow_open, minivault_5,
          minmay_a_box_with_orc_wizards_in_it, uniq_edmund

Skill      XL: |  1  2  3  4 |
---------------+-------------+-----
Spellcasting   | 3 4 |  4.3
Fighting       | |  1.7
Ranged Weapons | |  1.8
Dodging        | |  2.1

Action                   |  1- 3 |  4- 6 || total
-------------------------+-------+-------++-------
Melee: Sling             |       |     1 ||     1
 Fire: Sling             |    90 |    62 ||   152
 Cast: Inner Flame       |       |     6 ||     6
  Use: Scroll            |     5 |     2 ||     7
       Potion            |       |     3 ||     3
Armor: Robe              |     9 |     5 ||    14
Dodge: Dodged            |    36 |    26 ||    62

Table legend: (Time is in decaauts)
 A = Elapsed time spent in this place.
 B = Non-inter-level travel time spent in this place.
 C = Inter-level travel time spent in this place.
 D = Time resting spent in this place.
 E = Time spent auto-exploring this place.
 F = Levels seen in this place.
 G = Mean time per level.
                   A        B        C        D        E       F      G
               +--------+--------+--------+--------+--------+-----+--------+
         Total |   2705 |   2615 |     90 |      0 |   2276 |   4 |  676.2 |
       Dungeon |   2705 |   2615 |     90 |      0 |   2276 |   4 |  676.2 |
               +--------+--------+--------+--------+--------+-----+--------+

Top non-repeatable levels by time:
     D:2: 908 daAuts
     D:3: 782 daAuts
     D:1: 591 daAuts
     D:4: 422 daAuts
